Map: Site Delta LE

Players

ily - Winner!

  • Race: Terran Terran
  • League: Master
  • Spawn Location: 11:00

DeBlackSheep

  • Race: Zerg Zerg
  • League: Master
  • Spawn Location: 5:00

VOD

Have the link to the VOD?

Description

Time

  • Played on: Dec. 21, 2023, 11:36 p.m.
  • Length: 9:42
Show
View Real Time Build Order
Export as new Build Order

ily Terran - Winner!

Build Orders: Reaper Expand 

Get SALT Encoding   

  12  0:00  SCV  
  13  0:12  SCV  
  14  0:17  Supply Depot  
  14  0:24  SCV  
  15  0:39  SCV  
  15  0:41  Barracks  
  16  0:46  Refinery  
  16  0:51  SCV  
  17  1:03  SCV  
  18  1:15  SCV  
  19  1:28  Orbital Command  
  19  1:31  Reaper  
  20  1:39  Command Center  
  20  1:52  Supply Depot  
  20  1:54  SCV  
  21  2:03  Marine  
  21  2:07  SCV  
  23  2:09  Factory  
  23  2:19  SCV  
  24  2:26  Barracks Reactor  
  24  2:31  SCV  
  25  2:39  Command Center  
  25  2:43  SCV  
  25  2:51  Orbital Command  
  25  2:55  SCV  
  26  3:03  Refinery  
  26  3:07  SCV  
  27  3:16  Barracks Tech Lab  
  28  3:20  SCV  
  28  3:22  Cyclone x2  
  28  3:26  SCV  
  33  3:32  SCV  
  34  3:35  Marine  
  34  3:38  SCV  
  36  3:41  Stimpack  
  36  3:44  SCV  
  37  3:50  SCV  
  37  3:53  Marine  
  37  3:54  Hellion x2  
  43  3:56  SCV  
  43  3:59  Orbital Command  
  44  4:03  SCV  
  44  4:08  SCV  
  46  4:11  Marine, Starport  
  46  4:15  Hellion x2, SCV  
  52  4:20  SCV  
  53  4:27  SCV  
  53  4:28  SCV  
  55  4:32  SCV  
  55  4:35  Supply Depot  
  55  4:37  Hellion x2  
  60  4:40  SCV  
  60  4:42  Orbital Command  
  61  4:47  Supply Depot  
  61  4:54  Orbital Command  
  61  4:56  SCV x2, Marine  
  61  4:58  Refinery  
  61  4:59  Supply Depot  
  64  5:00  Hellion  
  64  5:01  Hellion  
  68  5:08  SCV  
  68  5:09  SCV  
  68  5:10  Barracks x2  
  68  5:12  Barracks  
  68  5:14  Barracks  
  70  5:21  SCV x3  
  71  5:24  Widow Mine x2  
  77  5:33  SCV x3  
  77  5:34  Engineering Bay  
  78  5:37  Engineering Bay  
  78  5:40  Marine  
  79  5:45  Widow Mine x2, SCV x2  
  85  5:53  SCV  
  84  5:57  SCV  
  84  6:03  Supply Depot  
  84  6:04  Barracks Reactor x3, Barracks Tech Lab  
  85  6:06  Supply Depot  
  85  6:07  Starport Reactor  
  85  6:08  Supply Depot  
  85  6:15  SCV  
  85  6:24  SCV x2, Marine  
  85  6:25  Widow Mine x2  
  92  6:26  Supply Depot  
  92  6:27  SCV  
  92  6:31  Combat Shield  
  93  6:33  Terran Infantry Weapons Level 1, Terran Infantry Armor Level 1  
  93  6:36  SCV x2  
  91  6:42  Marine  
  91  6:45  SCV  
  91  6:46  Widow Mine x2  
  95  6:47  Command Center  
  95  6:48  Supply Depot  
  95  6:49  Supply Depot, SCV x2  
  95  6:53  Marine, Refinery  
  95  6:54  Marine x2  
  98  6:55  Marine  
  98  6:57  SCV  
  98  7:00  Marine  
  98  7:01  SCV x2, Marine x2  
  107  7:02  Marine  
  108  7:10  SCV, Widow Mine x2  
  108  7:11  Marine  
  108  7:12  Marine x2  
  108  7:13  SCV x2  
  108  7:14  Marine, Concussive Shells  
  119  7:18  Marine  
  119  7:19  Marine x3  
  119  7:22  SCV, Medivac x2  
  128  7:25  SCV  
  128  7:29  Marine  
  122  7:30  Marine  
  122  7:31  Widow Mine x2  
  122  7:33  Marine x2  
  122  7:35  Marine  
  124  7:40  Marine  
  124  7:42  Armory  
  125  7:45  Barracks, SCV x2  
  125  7:46  Barracks  
  125  7:47  Barracks  
  125  7:51  Marine  
  128  7:52  Medivac  
  128  7:53  Widow Mine  
  132  7:58  Medivac  
  132  8:01  Command Center  
  132  8:03  Marine, Refinery  
  133  8:06  Marine x5  
  133  8:07  SCV x2  
  133  8:10  SCV  
  139  8:14  Marine  
  139  8:15  Marine  
  139  8:19  SCV  
  143  8:20  Supply Depot, SCV  
  143  8:21  Marine, Supply Depot  
  143  8:22  Widow Mine, Medivac  
  143  8:25  Supply Depot  
  143  8:26  Marine x2  
  148  8:28  Medivac, Widow Mine, Marine x2  
  154  8:37  Marine  
  155  8:47  Planetary Fortress  
  146  8:49  Marine  
  146  8:52  Medivac  
  147  8:57  Marine  
  147  8:58  Barracks Reactor, Barracks Tech Lab  
  147  9:00  Widow Mine x2  
  147  9:01  SCV x2  
  147  9:02  SCV  
  148  9:13  SCV x2  
  148  9:14  SCV  
  151  9:19  Marine  
  151  9:22  Marine  
  151  9:23  Barracks Reactor  
  141  9:25  SCV x2  
  141  9:26  SCV  
Show
View Real Time Build Order
Export as new Build Order

DeBlackSheep Zerg 

Build Orders: Hatch First 

Get SALT Encoding   

  12  0:00  Drone  
  13  0:08  Drone  
  13  0:14  Extractor, Drone  
  15  0:37  Hatchery  
  15  0:41  Extractor, Drone  
  14  0:47  Overlord  
  15  1:03  Spawning Pool  
  14  1:06  Drone  
  14  1:09  Drone  
  16  1:13  Drone  
  17  1:24  Drone  
  18  1:27  Extractor  
  18  1:28  Drone  
  18  1:39  Drone  
  19  1:50  Queen x2  
  19  1:51  Zergling x2  
  19  1:52  Drone  
  25  2:01  Drone x2  
  27  2:10  Overlord  
  27  2:23  Drone  
  27  2:28  Queen  
  30  2:33  Metabolic Boost  
  30  2:36  Overlord  
  30  2:38  Drone x3  
  33  2:54  Hatchery  
  33  2:58  Drone x2  
  34  3:14  Drone x8  
  41  3:21  Drone x2  
  43  3:28  Overlord  
  43  3:32  Drone  
  44  3:46  Queen  
  46  3:50  Drone x6  
  52  3:57  Lair, Hatchery  
  52  3:58  Overlord  
  51  4:05  Queen  
  51  4:07  Overlord  
  51  4:09  Zergling x2  
  54  4:14  Spine Crawler  
  53  4:18  Zergling x2  
  53  4:19  Zergling x6  
  57  4:27  Zergling x12  
  57  4:28  Zergling x2  
  64  4:36  Drone  
  64  4:37  Drone  
  66  4:38  Evolution Chamber  
  66  4:39  Evolution Chamber  
  63  4:47  Overlord x2  
  61  4:57  Queen  
  61  4:58  Overlord x2  
  63  5:03  Drone  
  63  5:04  Drone x3, Roach Warren  
  63  5:05  Overseer  
  63  5:07  Drone x3  
  67  5:22  Overlord  
  67  5:23  Zerg Melee Weapons Level 1  
  67  5:27  Extractor, Drone, Queen  
  67  5:28  Extractor, Drone x3  
  71  5:29  Drone x3  
  71  5:30  Overlord  
  71  5:42  Queen x2  
  75  5:45  Zerg Missile Weapons Level 1  
  75  5:48  Drone x3  
  75  5:49  Spine Crawler x2  
  73  6:07  Zergling x24  
  85  6:16  Zergling x12  
  90  6:20  Glial Reconstitution  
  90  6:22  Roach x3  
  92  6:38  Hatchery  
  82  6:47  Roach x6  
  92  6:57  Baneling Nest  
  89  7:10  Drone x11  
  89  7:13  Hatchery  
  99  7:18  Pneumatized Carapace, Overseer x2  
  99  7:21  Ravager x2  
  101  7:23  Zergling x14, Hatchery  
  107  7:33  Overlord x3  
  106  7:47  Overlord x2  
  106  7:48  Baneling  
  106  7:49  Baneling x10  
  106  8:10  Overlord  
  106  8:16  Extractor  
  106  8:18  Drone x3  
  106  8:19  Drone x8  
  116  8:29  Zergling x2  
  116  8:30  Zergling x16  
  125  8:38  Zergling x2  
  125  8:39  Zergling x8  
  130  8:48  Roach x9  
  128  8:55  Baneling x2  
  120  8:58  Baneling  
  120  8:59  Baneling x5  
  109  9:08  Zergling x8  
  109  9:09  Zergling x16  
  92  9:25  Drone x8  
  92  9:28  Extractor  
  92  9:29  Extractor  
Tags
 
Add a new tag
Caveats
  • Supply blocks, unpowered buildings, or Contaminate may cause inaccurate times.
  • Supply counts are checked every 10 seconds.